 Dungeon Crawl Stone Soup version 0.28-a0-834-g1a73be5ee4 (webtiles) character file.

Game seed: 5781373979134571377

62473 Ijustatesigmund the Gargoyle Aeon (level 15, -5/120 HPs)
             Began as a Gargoyle Fighter on Nov 11, 2021.
             Was the Champion of Cheibriados.
             Slain by a glowing shapeshifter simulacrum (23 damage)
             ... in an ice cave.
             The game lasted 00:37:28 (20433 turns).

Ijustatesigmund the Gargoyle Aeon (GrFi)           Turns: 20433, Time: 00:37:29

Health: -5/120     AC: 36    Str: 35    XL:     15   Next: 6%
Magic:  23/24      EV: 18    Int: 34    God:    Cheibriados [******]
Gold:   798        SH: 15    Dex: 35    Spells: 14/14 levels left

rFire   . . .      SeeInvis +   o - +11 broad axe of Hewuit {drain, rF- Int+4 Dex+3}
rCold   . . .      Faith    .   x - +1 kite shield {rC+}
rNeg    + + +      Spirit   .   b - +3 fire dragon scales
rPois   ∞          Reflect  .   (helmet restricted)
rElec   +          Harm     .   j - +2 cloak {Will+}
rCorr   .          Rampage  .   y - +2 pair of gloves
Will    ++...                   (no boots)
Stlth   +.........              q - amulet of Vitality {Regen+ HP+15}
HPRegen 1.30/turn               G - +4 ring of evasion
MPRegen 0.19/turn               t - ring "Jeuw" {+Blink rF- rN++ AC+4 Dex+8}

@: flying, very slow
A: sickness immunity, AC +11, big wings, negative energy resistance 1,
electricity resistance, torment resistance 1, petrification resistance, horns 1,
see invisible, robust 1
a: Renounce Religion, Evoke Blink, Bend Time, Temporal Distortion, Slouch, Step
From Time


You were in an ice cave.
You worshipped Cheibriados.
Cheibriados was exalted by your worship.
You visited 3 branches of the dungeon, and saw 19 of its levels.
You also visited: Ossuary and Ice Cave.

You collected 2261 gold pieces.
You spent 1463 gold pieces at shops.

Inventory:

Hand Weapons
 a - a +4 morningstar
 o - the +11 broad axe of Hewuit (weapon) {drain, rF- Int+4 Dex+3}
   (You found it on level 9 of the Dungeon)

   A truly terrible weapon, it drains the life of any living foe it strikes.
   Int:       It affects your intelligence (+4).
   Dex:       It affects your dexterity (+3).
   rF:        It makes you vulnerable to fire.
Armour
 b - +3 fire dragon scales (worn)
 j - a +2 cloak of willpower (worn)
 u - +0 acid dragon scales
 x - a +1 kite shield of cold resistance (worn)
 y - a +2 pair of gloves (worn)
Jewellery
 q - the amulet of Vitality (around neck) {Regen+ HP+15}
   (You took it off a wight on level 7 of the Dungeon)

   [amulet of regeneration]

   HP:        It affects your health (+15).
   Regen:     It increases your rate of health regeneration.
 s - a ring of protection from fire
 t - the ring "Jeuw" (right hand) {+Blink rF- rN++ AC+4 Dex+8}
   (You bought it in a shop on level 10 of the Dungeon)

   [ring of protection]

   AC:        It affects your AC (+4).
   Dex:       It affects your dexterity (+8).
   rF:        It makes you vulnerable to fire.
   rN:        It greatly protects you from negative energy.
   +Blink:    It lets you blink.
 v - a +4 ring of evasion
 D - a +6 ring of intelligence
 G - a +4 ring of evasion (left hand)
 L - a ring of fire
 N - a ring of wizardry
Wands
 c - a wand of iceblast (1)
 d - a wand of digging (15)
 e - a wand of mindburst (14)
 i - a wand of paralysis (6)
 n - a wand of acid (11)
 E - a wand of charming (7)
 K - a wand of polymorph (9)
 M - a wand of flame (12)
Scrolls
 f - 2 scrolls of amnesia
 r - 4 scrolls of identify
 w - 2 scrolls of blinking
 A - 3 scrolls of teleportation
 C - 2 scrolls of enchant weapon
 F - a scroll of silence
 H - a scroll of immolation
 I - 2 scrolls of fog
Potions
 g - a potion of resistance
 h - a potion of magic
 k - 4 potions of mutation
 l - 5 potions of curing
 m - 5 potions of ambrosia
 p - a potion of heal wounds
 z - 3 potions of lignification
 J - a potion of cancellation
 O - a potion of might


   Skills:
 + Level 12.3 Fighting
 - Level 9.8(11.1) Axes
 - Level 8.9(11.2) Maces & Flails
 - Level 9.0 Armour
 + Level 4.4 Dodging
 + Level 7.0 Shields
 + Level 12.9 Invocations
 - Level 11.0 Evocations


You had 14 spell levels left.
You didn't know any spells.
Your spell library contained the following spells:

 Spells                   Type           Power      Damage    Failure   Level
 Apportation              Tloc           0%         N/A       36%         1
 Freeze                   Ice            0%         1d3       36%         1
 Summon Small Mammal      Summ           0%         N/A       36%         1
 Scorch                   Fire           0%         2d5       52%         2
 Call Canine Familiar     Summ           0%         N/A       75%         3
 Dazzling Flash           Conj/Hex       0%         N/A       75%         3
 Frozen Ramparts          Ice            0%         1d2       75%         3
 Summon Guardian Golem    Hex/Summ       0%         N/A       75%         3
 Flame Wave               Conj/Fire      0%         3d3       98%         4
 Hailstorm                Conj/Ice       0%         3d3       98%         4
 Agony                    Necr           0%         N/A       100%        5
 Alistair's Intoxication  Tmut/Pois      0%         N/A       100%        5
 Silence                  Hex/Air        0%         N/A       100%        5
 Summon Cactus Giant      Summ           0%         N/A       100%        6


Dungeon Overview and Level Annotations

Branches:
Dungeon (15/15)            Temple (1/1) D:4            Lair (3/6) D:8
    Orc (0/2) D:11         Vaults (0/5) D:13         Depths (0/4) D:15
Ossuary (visited)           IceCv (1/1)
  Swamp: Lair:2-4    Shoals: Lair:2-4     Snake: Lair:2-4    Spider: Lair:2-4

Altars:
Ashenzari
Cheibriados
Dithmenos
Elyvilon
Fedhas
Gozag
Hepliaklqana
Kikubaaqudgha
Makhleb
Nemelex Xobeh
Okawaru
Qazlal
Ru
Sif Muna
Trog
Uskayaw
Vehumet
Wu Jian
Xom
Yredelemnul
Zin
The Shining One
Jiyva

Shops:
D:1 [   D:2 (*(   D:3 [   D:10 =   D:11 *

Annotations:
D:15 2 transporters, Hipp's ghost, journeyman NaBe


Innate Abilities, Weirdness & Mutations

You are immune to sickness and miasma.
Your stone body is resilient. (AC +11)
You are immune to poison.
Your large and strong wings let you fly.
You resist negative energy. (rN+)
You are resistant to electric shocks. (rElec)
You are resistant to unholy torment.
You are immune to petrification.
You have a pair of small horns on your head.
You have supernaturally acute eyesight. (SInv)
You are robust. (+10% HP)


Message History

The shard of ice hits you.
You chop the ice statue into pieces!!!
The ice statue is severely damaged.
You slash the entropy weaver simulacrum!
The entropy weaver simulacrum closely misses you.
You block the entropy weaver simulacrum's attack.
The entropy weaver simulacrum hits you.
The entropy weaver simulacrum freezes you!!
* * * LOW HITPOINT WARNING * * *
The entropy weaver simulacrum hits you but does no damage.
The ice statue gestures.
You feel much better. The ice statue gestures at you.
The freezing blast misses you. The ice beast closely misses you.
You slice the ice statue!!
You destroy the ice statue!
Cheibriados appreciates the change of pace.
The ice beast disappears in a puff of smoke! x3
You are engulfed in freezing vapours.
You blink.
You are engulfed in freezing vapours.
You slice the entropy weaver simulacrum!!
The entropy weaver simulacrum is almost destroyed.
You are engulfed in freezing vapours.
* * * LOW HITPOINT WARNING * * *
The entropy weaver simulacrum hits you but does no damage.
The entropy weaver simulacrum misses you.
You block the entropy weaver simulacrum's attack.
The entropy weaver simulacrum hits you but does no damage.
You slash the entropy weaver simulacrum!
The entropy weaver simulacrum vaporises!
Cheibriados thoroughly appreciates the change of pace.
You are engulfed in freezing vapours.
* * * LOW HITPOINT WARNING * * *
You feel stable enough to blink again.
Your Shields skill increases to level 7!
You completely miss the glowing shapeshifter simulacrum.
The glowing shapeshifter simulacrum hits you!
* * * LOW HITPOINT WARNING * * *
The glowing shapeshifter simulacrum freezes you!!
You die...

##.........####
....#####.....###
..###...####....##
###.......####...####
......##.....##.....##
..########..)(##.○...##
.##**,,,.###[..###....#
##,,,,,,...######.....#
#,,,,***.....###@°....#
,,,*** **#......Z....##
,,*** #....°.°..###
,,,,*** ###########
,,,,,,***********
*,,,,,,,,,,,,,,,**
******,,,,,,,,,,,****
,,**********,,,,,,,,**
,,,,**********,,,,,,,**


You could see a glowing shapeshifter simulacrum.

Vanquished Creatures
  An ironbound preserver (D:13)
  Azrael (D:15)
  A fire dragon (D:15)
  The ghost of StikS32 the Protected, a journeyman MiFi of Cheibriados (D:11)
  6 hydras
  2 boulder beetles
  3 centaur warriors (D:13)
  3 death knights
  3 tengu warriors
  6 two-headed ogres
  The ghost of anet the Thaumaturge, a novice DECj of Ashenzari (D:8)
  A fire crab (shapeshifter) (D:14)
  A skeletal warrior (D:12)
  4 deep elf pyromancers
  A wolf spider (D:12)
  An orc knight (D:15)
  22 ugly things
  4 cyclopes
  9 manticores
  Joseph (D:8)
  3 black mambas
  2 gargoyles (D:10)
  3 cane toads
  An ice statue (IceCv)
  Maggie (D:9)
  4 rime drakes
  An unseen horror (D:12)
  2 komodo dragons (Lair:1)
  A rime drake (shapeshifter) (D:12)
  2 kobold demonologists (D:12)
  2 entropy weaver simulacra (IceCv)
  4 trolls
  3 hornets
  16 slime creatures
  A meliai zombie (D:10)
  4 blink frogs (Lair:2)
  4 snapping turtles (D:13)
  2 shadows (D:11)
  A centaur simulacrum (D:14)
  21 yaks
  6 water elementals (D:13)
  3 wraiths (D:14)
  A hog (shapeshifter) (D:8)
  3 vampires
  4 fire elementals (D:15)
  4 basilisks
  5 wyverns
  Grum (D:9)
  A golden eye (shapeshifter) (D:14)
  4 vampire mosquitoes (D:12)
  A warg (D:15)
  3 acid dragons
  10 water moccasins
  2 hell hounds (D:15)
  10 orc warriors
  2 ice beasts
  A sky beast (D:8)
  2 black bears (D:5)
  2 ogres
  6 centaurs
  3 wolves (D:9)
  7 bullfrogs
  2 kobold brigands
  2 wyvern zombies
  A gnoll sergeant (D:11)
  2 scorpions
  2 glowing shapeshifter simulacra (IceCv)
  A water moccasin skeleton (D:5)
  11 killer bees
  A killer bee (shapeshifter) (D:15)
  5 wights
  4 howler monkeys
  2 electric eels (D:13)
  5 centaur zombies
  5 hounds
  4 jellies
  7 orc priests
  Crazy Yiuf (D:2)
  2 gnoll shamans
  A human zombie (Ossuary)
  2 centaur skeletons
  4 iguanas
  7 orc wizards
  3 killer bee zombies
  A hound skeleton (D:4)
  2 howler monkey zombies
  2 mummies (Ossuary)
  A howler monkey skeleton (D:4)
  8 gnolls
  4 adders
  2 shadow imps
  An ufetubus (D:4)
  An adder skeleton (D:4)
  2 adder zombies (Ossuary)
  4 dart slugs
  24 orcs
  2 ball pythons (D:2)
  12 bats
  7 endoplasms
  5 giant cockroaches
  6 goblins
  6 hobgoblins
  11 jackals
  A quokka (D:2)
  3 frilled lizards
  A goblin zombie (Ossuary)
  9 hobgoblin zombies (Ossuary)
  11 kobolds
  12 kobold zombies (Ossuary)
  9 orc zombies (Ossuary)
  3 rats (D:1)
  A rat zombie (Ossuary)
456 creatures vanquished.

Vanquished Creatures (collateral kills)
  A wyvern (D:9)
  A wolf (D:9)
2 creatures vanquished.

Vanquished Creatures (others)
  7 fungi
  23 plants
  2 withered plants (D:11)
32 creatures vanquished.

Grand Total: 490 creatures vanquished

Notes
Turn   | Place    | Note
-------+----------+-------------------------------------------
     0 | D:1      | Ijustatesigmund the Gargoyle Fighter began the quest for
                  | the Orb.
     0 | D:1      | Reached XP level 1. HP: 14/14 MP: 1/1
    48 | D:1      | Reached XP level 2. HP: 13/20 MP: 2/2
   479 | D:1      | Reached XP level 3. HP: 12/24 MP: 3/3
   704 | D:1      | Found Teul's Antique Armour Boutique.
   762 | D:1      | Found a faded altar of an unknown god.
  1337 | D:2      | Reached skill level 5 in Fighting
  1366 | D:2      | Found Fielub's General Store.
  1421 | D:2      | Reached XP level 4. HP: 27/31 MP: 4/4
  1597 | D:2      | Found Luotuame's Weapon Shoppe.
  1625 | D:2      | Found Gecut's Antique Weapon Shoppe.
  1767 | D:2      | Found a runed translucent door.
  1768 | D:2      | Noticed Crazy Yiuf
  1963 | D:2      | Killed Crazy Yiuf
  2113 | D:3      | Found Qipaiw's Armour Boutique.
  2125 | D:3      | Reached XP level 5. HP: 36/36 MP: 5/5
  2433 | D:3      | Found a broken altar of Ashenzari.
  3045 | D:4      | Found a staircase to the Ecumenical Temple.
  3069 | Temple   | Entered the Ecumenical Temple
  3234 | Temple   | Became a worshipper of Cheibriados the Contemplative
  3817 | D:4      | Reached XP level 6. HP: 24/42 MP: 6/6
  5619 | D:5      | Entered Level 5 of the Dungeon
  5647 | D:5      | Noticed a black bear
  5659 | D:5      | Killed a black bear
  5734 | D:5      | Found a sand-covered staircase.
  5743 | Ossuary  | Entered an ossuary
  5816 | Ossuary  | Reached * piety under Cheibriados
  5884 | Ossuary  | Reached XP level 7. HP: 41/47 MP: 7/7
  6120 | D:5      | Reached skill level 5 in Maces & Flails
  6184 | D:5      | Reached ** piety under Cheibriados
  6189 | D:5      | Gained mutation: You tend to lose your temper in combat.
                  | [potion of mutation]
  6189 | D:5      | Gained mutation: You have supernaturally acute eyesight.
                  | (SInv) [potion of mutation]
  6189 | D:5      | Gained mutation: You do not regenerate when monsters are
                  | visible. [potion of mutation]
  6318 | D:5      | Reached skill level 5 in Armour
  6318 | D:5      | Reached XP level 8. HP: 29/54 MP: 8/8
  6594 | D:5      | Lost mutation: You tend to lose your temper in combat.
                  | [potion of mutation]
  6594 | D:5      | Lost mutation: You do not regenerate when monsters are
                  | visible. [potion of mutation]
  6594 | D:5      | Gained mutation: You are frail. (-10% HP) [potion of
                  | mutation]
  6594 | D:5      | Gained mutation: You have an increased reservoir of magic.
                  | (+10% MP) [potion of mutation]
  6595 | D:5      | Lost mutation: You have an increased reservoir of magic.
                  | (+10% MP) [potion of mutation]
  6595 | D:5      | Lost mutation: You are frail. (-10% HP) [potion of
                  | mutation]
  6595 | D:5      | Gained mutation: You are robust. (+10% HP) [potion of
                  | mutation]
  6595 | D:5      | Gained mutation: You have a pair of small horns on your
                  | head. [potion of mutation]
  8342 | D:7      | Reached XP level 9. HP: 40/66 MP: 9/9
  9303 | D:8      | Noticed Joseph
  9323 | D:8      | Killed Joseph
  9323 | D:8      | Reached *** piety under Cheibriados
  9679 | D:8      | Identified the +1 scale mail "Zubb" {rC+ rN++ Stlth+}
  9958 | D:9      | Noticed a troll
  9964 | D:9      | Killed a troll
  9965 | D:9      | Reached skill level 10 in Fighting
  9965 | D:9      | Reached skill level 1 in Dodging
 10092 | D:9      | Reached XP level 10. HP: 70/74 MP: 10/10
 10206 | D:9      | Noticed Grum
 10207 | D:9      | Noticed Maggie
 10246 | D:9      | Killed Maggie
 10255 | D:9      | Killed Grum
 10255 | D:9      | Reached **** piety under Cheibriados
 10256 | D:9      | Reached skill level 5 in Shields
 10261 | D:9      | HP: 2/74 [wolf[Grum] (3)]
 11031 | D:9      | Identified the +11 broad axe of Hewuit {drain, rF- Int+4
                  | Dex+3}
 11115 | D:8      | Found a staircase to the Lair.
 11176 | D:8      | Reached skill level 1 in Axes
 11176 | D:8      | Reached skill level 1 in Invocations
 11262 | D:8      | Reached XP level 11. HP: 80/80 MP: 13/13
 11262 | D:8      | Reached ***** piety under Cheibriados
 11324 | D:8      | Noticed a two-headed ogre
 11330 | D:8      | Reached skill level 5 in Invocations
 11330 | D:8      | Killed a two-headed ogre
 11569 | D:8      | Found a transporter.
 11576 | D:8      | Found a transporter.
 11576 | D:8      | Noticed anet's ghost (novice DECj)
 11595 | D:8      | Killed anet's ghost
 11596 | D:8      | Reached skill level 5 in Axes
 11951 | D:10     | Entered Level 10 of the Dungeon
 12190 | D:10     | Noticed a two-headed ogre
 12194 | D:10     | Found Mestrolur's Jewellery Shoppe.
 12197 | D:10     | Killed a two-headed ogre
 12360 | D:10     | Reached ****** piety under Cheibriados
 12375 | D:10     | Found an ancient bone altar of Kikubaaqudgha.
 12886 | D:11     | Noticed a manticore
 12906 | D:11     | Killed a manticore
 12907 | D:11     | Reached XP level 12. HP: 86/86 MP: 18/18
 12907 | D:11     | Found Kem Ylug's Assorted Antiques.
 12928 | D:11     | Bought a scroll labelled ROAJEP RILOL for 29 gold pieces
 12986 | D:11     | Noticed a two-headed ogre
 12990 | D:11     | Killed a two-headed ogre
 12998 | D:11     | Found a runed translucent door.
 12998 | D:11     | Noticed StikS32's ghost (journeyman MiFi)
 13039 | D:11     | Found a staircase to the Orcish Mines.
 13071 | D:11     | Noticed a boulder beetle
 13081 | D:11     | Killed a boulder beetle
 13213 | D:11     | Noticed a two-headed ogre
 13218 | D:11     | Killed a two-headed ogre
 13443 | D:11     | Killed StikS32's ghost
 13444 | D:11     | Reached skill level 10 in Invocations
 13523 | D:12     | Noticed an eight-headed hydra
 13811 | D:12     | Killed a nine-headed hydra
 13953 | D:12     | Noticed a two-headed ogre
 13964 | D:12     | Killed a two-headed ogre
 13971 | D:12     | Reached XP level 13. HP: 56/92 MP: 21/21
 14717 | D:13     | Identified the +1 leather armour of Makhleb's Inspiration
                  | {rCorr Dex+3}
 15094 | D:13     | Identified a scroll of acquirement
 15094 | D:13     | Acquired 908 gold pieces
 15159 | D:10     | Bought the ring "Jeuw" {+Blink rF- rN++ AC+4 Dex+8} for 984
                  | gold pieces
 15298 | D:3      | Bought a +1 kite shield of poison resistance for 162 gold
                  | pieces
 15298 | D:3      | Bought a +3 leather armour of fire resistance for 288 gold
                  | pieces
 15519 | D:13     | Reached skill level 1 in Evocations
 15744 | D:13     | Found a viscous altar of Jiyva.
 15751 | D:13     | Reached skill level 5 in Evocations
 15906 | D:13     | Noticed an ironbound preserver
 15915 | D:13     | Killed an ironbound preserver
 16101 | D:13     | Found a gate to the Vaults.
 16348 | D:14     | Gained mutation: Your large and strong wings let you fly.
                  | [Gargoyle growth]
 16348 | D:14     | Reached XP level 14. HP: 99/100 MP: 23/23
 16972 | D:15     | Entered Level 15 of the Dungeon
 17022 | D:15     | Noticed Azrael
 17032 | D:15     | Killed Azrael
 17036 | D:15     | Noticed Hipp's ghost (journeyman NaBe)
 17039 | D:15     | Found a bloodstained altar of Trog.
 17409 | D:15     | Found a transporter.
 17419 | D:15     | Identified the +4 hand axe "Ruiss" {venom, rPois rCorr
                  | Str+3 Int-3}
 17446 | D:15     | Found a transporter.
 17447 | D:15     | Found a blossoming altar of Fedhas.
 17547 | D:15     | Reached skill level 10 in Evocations
 18184 | D:15     | Found a staircase to the Depths.
 18527 | Lair:1   | Entered Level 1 of the Lair of Beasts
 18538 | Lair:1   | Identified the +0 leather armour of Kogaal {-Tele rElec
                  | rPois Str+2}
 20277 | Lair:3   | Found a frozen archway.
 20292 | IceCv    | Entered an ice cave
 20311 | IceCv    | Reached XP level 15. HP: 105/105 MP: 24/24
 20433 | IceCv    | Slain by a glowing shapeshifter simulacrum

Illustrated notes

Levels and vault maps discovered:
D:1:      shiori_arrival_elements, layout_basic, serial_shops, shop,
          shapermc_ecumenical_altar_starsandcircs
D:2:      layout_basic, serial_shops, nicolae_shop_stone, shop, shop,
          uniq_crazy_yiuf_cottage
D:3:      layout_basic, serial_shops, nicolae_square_shop,
          kennysheep_flooded_box
D:4:      layout_layer_cave, minmay_temple_entry_glassed_door
D:5:      layout_basic, enter_ossuary_1, kennysheep_generic_room_4
D:6:      layout_basic
D:7:      layout_cave_pools, kennysheep_generic_room_2
D:8:      minmay_four_partial_circles, layout_cave_pools,
          minmay_lair_entry_grove, gammafunk_ghost_hive, uniq_joseph
D:9:      layout_roguey, uniq_grum, uniq_maggie
D:10:     layout_loops_ring, mainiacjoe_overflow_concentric_impassable,
          nrook_mini_vaults, minmay_shop_enchanted_jewellery
D:11:     layout_long_grid, orc_0_dummy, gammafunk_ghost_grave, serial_shops,
          nicolae_shop_temple_entry_statues_fountains
D:12:     layout_cross, minmay_mirror_moons_of_madness
D:13:     wad_bat_island, layout_small_grid, skrybe_vaults_entry_preservation,
          jiyva_altar_1
D:14:     layout_roguey
D:15:     grunt_enter_depths_hoard, layout_basic, fedhas_altar_3,
          gammafunk_ghost_wrathful_warriors, uniq_azrael
Temple:   kilobyte_greek_temple
Lair:1:   layout_chaotic_city, grunt_megastairs_5
Lair:2:   layout_layer_cave, lemuel_fruit_fields
Lair:3:   layout_long_grid, portal_ice_cave_rime
IceCv:    ice_cave_hellmonk_azure_passage

Skill      XL: |  1  2  3  4  5  6  7  8  9 10 11 12 13 14 15 |
---------------+----------------------------------------------+-----
Fighting       | 4 5 6 7 8 10 11 12 | 12.3
Maces & Flails | 3 4 5 6 8 |  8.9
Armour         | 5 6 7 9 |  9.0
Dodging        | 1 3 4 |  4.4
Shields        | 4 5 6 7 |  7.0
Axes           | 2 6 9 |  9.8
Invocations    | 3 8 11 12 | 12.9
Evocations     | 7 11 | 11.0

Action                   |  1- 3 |  4- 6 |  7- 9 | 10-12 | 13-15 || total
-------------------------+-------+-------+-------+-------+-------++-------
Melee: Flail             |   111 |   223 |   380 |   143 |    14 ||   871
       Headbutt          |       |       |    59 |   133 |   152 ||   344
       Broad axe         |       |       |       |   225 |   379 ||   604
       Morningstar       |       |       |       |       |    19 ||    19
Throw: Throwing net      |       |       |       |     1 |     1 ||     2
Invok: Bend Time         |       |       |     2 |     1 |     1 ||     4
       Slouch            |       |       |       |       |     1 ||     1
 Abil: Evoke Blink       |       |       |       |       |     1 ||     1
Evoke: Wand              |       |       |       |     3 |     1 ||     4
  Use: Scroll            |     1 |    11 |     2 |    10 |    12 ||    36
       Potion            |       |       |     9 |     5 |     3 ||    17
 Stab: Invisible         |       |       |     1 |       |       ||     1
       Sleeping          |       |       |       |     2 |     2 ||     4
Armor: Scale mail        |    78 |   153 |   204 |   273 |    87 ||   795
       Skin              |       |       |     6 |       |       ||     6
       Chain mail        |       |       |    32 |       |       ||    32
       Leather armour    |       |       |       |       |   118 ||   118
       Fire dragon scale |       |       |       |       |    44 ||    44
Dodge: Dodged            |    75 |   115 |   217 |   284 |   376 ||  1067
Block: Buckler           |    23 |    58 |    94 |   165 |    48 ||   388
       Kite shield       |       |       |       |       |   302 ||   302

Table legend: (Time is in decaauts)
 A = Elapsed time spent in this place.
 B = Non-inter-level travel time spent in this place.
 C = Inter-level travel time spent in this place.
 D = Time resting spent in this place.
 E = Time spent auto-exploring this place.
 F = Levels seen in this place.
 G = Mean time per level.
                   A        B        C        D        E       F      G
               +--------+--------+--------+--------+--------+-----+--------+
         Total |  28024 |  26186 |   1838 |   5320 |  16516 |  21 | 1334.5 |
       Dungeon |  23811 |  22112 |   1699 |   5320 |  13250 |  15 | 1587.4 |
        Temple |    206 |    166 |     40 |      0 |    143 |   1 |  206.0 |
          Lair |   3418 |   3320 |     98 |      0 |   2942 |   3 | 1139.3 |
       Ossuary |    351 |    351 |      0 |      0 |     65 |   1 |  351.0 |
      Ice Cave |    237 |    237 |      0 |      0 |    116 |   1 |  237.0 |
               +--------+--------+--------+--------+--------+-----+--------+

Top non-repeatable levels by time:
     D:4: 2867 daAuts
    D:15: 2172 daAuts
    D:13: 2020 daAuts
     D:8: 1946 daAuts
  Lair:2: 1934 daAuts
     D:5: 1872 daAuts
     D:9: 1840 daAuts
    D:11: 1808 daAuts
    D:10: 1443 daAuts
  Lair:1: 1415 daAuts
     D:7: 1336 daAuts
    D:12: 1214 daAuts
    D:14: 1140 daAuts
     D:2: 1110 daAuts
     D:6: 1026 daAuts
